 Dungeon Crawl Stone Soup version 0.27-a0-3-gcf006a40f5 (webtiles) character file.

Game seed: 15269039945727373124

378 tilp the Slasher (level 6, -3/48 HPs)
             Began as a Demonspawn Abyssal Knight on Jan 1, 2021.
             Was a Believer of Lugonu.
             Slain by a hornet (5 damage)
             ... on level 5 of the Dungeon.
             The game lasted 00:04:44 (4951 turns).

tilp the Slasher (Demonspawn Abyssal Knight)        Turns: 4951, Time: 00:04:45

Health: -3/48      AC: 12    Str: 13    XL:     6   Next: 45%
Magic:  5/7        EV:  5    Int: 18    God:    Lugonu [**....]
Gold:   217        SH:  3    Dex: 13    Spells: 5/5 levels left

rFire    . . .     SeeInvis .   a - +1 falchion
rCold    . . .     Faith    .   w - +0 buckler
rNeg     . . .     Spirit   .   y - +0 chain mail
rPois    .         Reflect  .   k - +0 helmet
rElec    .         Harm     .   (no cloak)
rCorr    .         Rampage  .   x - +2 pair of gloves
Will     .....                  (no boots)
Stlth    ..........             (no amulet)
HPRegen  0.16/turn              (no ring)
MPRegen  0.10/turn              (no ring)

@: flying, slowed, very slow
A: hooves 1, demonic guardian 1, big brain 2
a: Renounce Religion, Depart the Abyss, Bend Space


You were on level 5 of the Dungeon.
You worshipped Lugonu.
Lugonu was pleased with you.
You visited 1 branch of the dungeon, and saw 5 of its levels.
You visited the Abyss 1 time.

You collected 217 gold pieces.

Inventory:

Hand Weapons
 a - a +1 falchion (weapon)
Missiles
 g - 85 stones
 j - 44 poisoned darts (quivered)
 l - 6 boomerangs
 m - 2 javelins
Armour
 k - a +0 helmet (worn)
 q - a +1 plate armour
 w - a +0 buckler (worn)
 x - a +2 pair of gloves (worn)
 y - a +0 chain mail (worn)
Jewellery
 s - an uncursed ring of resist corrosion {unknown}
Scrolls
 c - 4 scrolls of remove curse
 f - a scroll of blinking
 h - 3 scrolls of teleportation
 o - 2 scrolls of immolation
 v - a scroll of amnesia {unknown}
Potions
 b - a potion of curing {unknown}
 d - a potion of resistance
 e - a potion of mutation {unknown}
 i - 3 potions of might
 p - a potion of invisibility {unknown}
 r - a potion of flight
 t - a potion of berserk rage {unknown}
 u - a potion of lignification {unknown}


   Skills:
 - Level 4.0 Fighting
 + Level 5.8 Long Blades
 - Level 1.7 Armour
 - Level 0.8 Dodging
 - Level 2.4 Invocations


You had 5 spell levels left.
You didn't know any spells.
Your spell library was empty.

Dungeon Overview and Level Annotations

Branches:
Dungeon (5/15)
 Temple: D:4-7

Altars:
Sif Muna

Annotations:
D:1 fire vault


Innate Abilities, Weirdness & Mutations

You have large cloven feet.
A weak demonic guardian rushes to your aid.
You have an extremely huge brain. (Int +4)


Message History

* * * LOW HITPOINT WARNING * * *
You feel as though you will be slow longer.
Your quasit misses the hornet.
Your quasit claws the hornet but does no damage.
Your quasit closely misses the hornet.
The hornet stings you but does no damage.
You can move again.
Unknown command.
It was a potion of flight.
You feel very buoyant.
You fly up into the air.
Your quasit closely misses the hornet.
Your quasit barely misses the hornet.
Your quasit claws the hornet but does no damage.
The hornet stings you.
* * * LOW HITPOINT WARNING * * *
You feel as though you will be slow longer.
Your quasit bites the hornet but does no damage.
Your quasit claws the hornet but does no damage.
Your quasit closely misses the hornet.
The hornet stings you.
You die...

#...##.#####...
###.#.#..(.......#####
#......<##....(.......
....#.................
##.............)......
#.#####..............
# #...?(..#######
##...5y..# #.....@..#
#.........#
..##......# ##
##.....# #######


You could see a hornet (poisoned) and a friendly quasit (summoned).

Vanquished Creatures
  A phantom (D:4)
  2 orc wizards
  Jessica (D:3)
  A worker ant (D:4)
  6 adders
  An adder skeleton (D:4)
  A worm (D:3)
  6 dart slugs
  11 orcs
  2 bats (D:1)
  3 giant cockroaches
  6 goblins
  6 hobgoblins
  8 jackals
  A ball python (D:2)
  4 frilled lizards
  5 kobolds
  2 rats
67 creatures vanquished.

Vanquished Creatures (collateral kills)
  A howler monkey (D:4)
  An orc priest (D:3)
  An orc wizard (D:4)
  2 orcs (D:4)
5 creatures vanquished.

Vanquished Creatures (others)
  A dart slug (D:1)
1 creature vanquished.

Grand Total: 73 creatures vanquished

Notes
Turn   | Place    | Note
-------+----------+-------------------------------------------
     0 | Abyss:1  | tilp the Demonspawn Abyssal Knight began the quest for the
                  | Orb.
     0 | Abyss:1  | Reached XP level 1. HP: 18/18 MP: 2/2
    35 | Abyss:1  | Noticed a large abomination
    40 | Abyss:1  | Noticed a fire bat
    44 | D:1      | Escaped the Abyss
   269 | D:1      | Reached skill level 2 in Long Blades
   379 | D:1      | Gained mutation: You have large cloven feet. [demonic
                  | ancestry]
   379 | D:1      | Reached XP level 2. HP: 24/24 MP: 3/3
   396 | D:1      | Reached * piety under Lugonu
   745 | D:1      | Gained mutation: You have an unusually large brain. (Int
                  | +2) [demonic ancestry]
   745 | D:1      | Reached XP level 3. HP: 29/29 MP: 4/4
  2333 | D:3      | Reached skill level 3 in Long Blades
  2363 | D:3      | Noticed Jessica
  2372 | D:3      | Killed Jessica
  2373 | D:3      | Reached XP level 4. HP: 21/37 MP: 5/5
  2685 | D:3      | Found a shimmering blue altar of Sif Muna.
  2810 | D:3      | Reached skill level 4 in Long Blades
  2929 | D:3      | Gained mutation: A weak demonic guardian rushes to your
                  | aid. [demonic ancestry]
  2929 | D:3      | Reached XP level 5. HP: 27/42 MP: 6/6
  3597 | D:4      | Reached ** piety under Lugonu
  3868 | D:4      | Reached skill level 5 in Long Blades
  4352 | D:4      | Noticed a phantom
  4366 | D:4      | Gained mutation: You have an extremely huge brain. (Int +4)
                  | [demonic ancestry]
  4366 | D:4      | Reached XP level 6. HP: 38/48 MP: 7/7
  4936 | D:5      | Entered Level 5 of the Dungeon
  4936 | D:5      | Noticed a hornet
  4948 | D:5      | Paralysed by a hornet for 3 turns
  4951 | D:5      | HP: 2/48 [hornet (1)]
  4951 | D:5      | Slain by a hornet

Illustrated notes

Levels and vault maps discovered:
D:1:      ncdulo_halloftheorcs, layout_loops_cross,
          amcnicky_mini_rare_corridor_liquid, lemuel_flame_loot_1
D:2:      layout_basic, minmay_misc_feat_doors
D:3:      layout_basic, old_standard_altar, uniq_jessica
D:4:      layout_layer_cave
D:5:      layout_rooms, ashenzari_conservatory_becter,
          minmay_temple_entry_crystal_x, uniq_crazy_yiuf_cottage

Skill      XL: |  1  2  3  4  5 |
---------------+----------------+-----
Long Blades    | 2 3 4 5 |  5.8
Fighting       | 4 |  4.0
Armour         | |  1.7
Dodging        | |  0.8
Invocations    | |  2.4

Action                   |  1- 3 |  4- 6 || total
-------------------------+-------+-------++-------
Melee: Falchion          |    79 |   159 ||   238
       Kick              |    22 |    40 ||    62
Throw: Dart              |       |     4 ||     4
Invok: Depart the Abyss  |     1 |       ||     1
       Bend Space        |       |     2 ||     2
  Use: Scroll            |     3 |     6 ||     9
       Potion            |       |     1 ||     1
 Stab: Distracted        |       |     2 ||     2
Armor: Leather armour    |    15 |       ||    15
       Plate armour      |    10 |   123 ||   133
       Ring mail         |     5 |       ||     5
       Chain mail        |       |     3 ||     3
Dodge: Dodged            |    36 |    11 ||    47
Block: Buckler           |       |    16 ||    16
       Rpst.: Falchion   |    15 |     2 ||    17

Table legend: (Time is in decaauts)
 A = Elapsed time spent in this place.
 B = Non-inter-level travel time spent in this place.
 C = Inter-level travel time spent in this place.
 D = Time resting spent in this place.
 E = Time spent auto-exploring this place.
 F = Levels seen in this place.
 G = Mean time per level.
                   A        B        C        D        E       F      G
               +--------+--------+--------+--------+--------+-----+--------+
         Total |   4982 |   4663 |    319 |    799 |   3254 |   6 |  830.3 |
       Dungeon |   4938 |   4619 |    319 |    799 |   3220 |   5 |  987.6 |
         Abyss |     44 |     44 |      0 |      0 |     34 |   1 |   44.0 |
               +--------+--------+--------+--------+--------+-----+--------+

Top non-repeatable levels by time:
     D:1: 1408 daAuts
     D:4: 1372 daAuts
     D:3: 1363 daAuts
     D:2: 776 daAuts
 Abyss:1: 44 daAuts
     D:5: 16 daAuts
